 Dungeon Crawl Stone Soup version 0.27-a0-1590-g15f69828bf (webtiles) character file.

Game seed: 5745592354774292601

4067 Sin92 the Chopper (level 10, -2/76 HPs)
             Began as a Demonspawn Fighter on July 18, 2021.
             Was a High Priest of Okawaru.
             Slain by a yak (8 damage)
             ... on level 8 of the Dungeon.
             The game lasted 00:10:48 (9556 turns).

Sin92 the Chopper (Demonspawn Fighter)              Turns: 9556, Time: 00:10:49

Health: -2/76      AC: 15    Str: 19    XL:     10   Next: 5%
Magic:  14/14      EV:  7    Int:  9    God:    Okawaru [*****.]
Gold:   1250       SH: 10    Dex: 14    Spells: 9/9 levels left

rFire    + . .     SeeInvis +   t - +4 war axe
rCold    . . .     Faith    +   c - +0 kite shield
rNeg     . . .     Spirit   .   i - +1 chain mail
rPois    .         Reflect  .   (no helmet)
rElec    .         Harm     .   B - +1 cloak
rCorr    +         Rampage  .   (no gloves)
Will     .....                  (no boots)
Stlth    ..........             u - amulet of faith
HPRegen  0.22/turn              f - ring of Attitude {Wiz rF+ rCorr Slay+3 SInv}
MPRegen  0.14/turn              x - ring of resist corrosion

@: no status effects
A: hooves 2, icy blue scales 1, demonic magic 2
a: Renounce Religion, Heroism, Finesse


You were on level 8 of the Dungeon.
You worshipped Okawaru.
Okawaru was extremely pleased with you.
You visited 1 branch of the dungeon, and saw 8 of its levels.
You also visited: Sewer.

You collected 1250 gold pieces.

Inventory:

Hand Weapons
 a - a +2 war axe of electrocution
 t - a +4 war axe (weapon)
 w - a +1 whip of flaming
 F - the +5 hand axe "Geizuzel" {vorpal, *Noise rC+ SInv}
   (You found it on level 7 of the Dungeon)

   It inflicts extra damage upon your enemies.
   rC:        It protects you from cold.
   SInv:      It lets you see invisible.
   *Noise:    It may make noises in combat.
Missiles
 h - 2 throwing nets (quivered)
Armour
 b - a +0 scale mail
 c - a +0 kite shield (worn)
 i - a +1 chain mail (worn)
 B - a +1 cloak (worn)
Jewellery
 f - the ring of Attitude (left hand) {Wiz rF+ rCorr Slay+3 SInv}
   (You acquired it on level 3 of the Dungeon)

   [ring of wizardry]

   It improves your spell success rate.
   Slay:      It affects your accuracy & damage with ranged weapons and melee
   (+3).
   rF:        It protects you from fire.
   SInv:      It lets you see invisible.
   rCorr:     It protects you from acid and corrosion.
 u - an amulet of faith (around neck)
 x - a ring of resist corrosion (right hand)
 A - a ring of fire
Wands
 o - a wand of iceblast (7)
 v - a wand of mindburst (14)
Scrolls
 d - 3 scrolls of fog
 g - a scroll of enchant armour
 j - 2 scrolls of summoning
 l - a scroll of fear
 q - 2 scrolls of amnesia
 y - a scroll of teleportation
 D - a scroll of vulnerability
 E - a scroll of blinking
Potions
 e - 2 potions of lignification {unknown}
 k - 3 potions of heal wounds
 m - 6 potions of attraction
 n - 2 potions of curing {unknown}
 p - 8 potions of flight
 r - a potion of magic {unknown}
 s - a potion of might
 z - a potion of ambrosia
 C - a potion of mutation {unknown}


   Skills:
 + Level 6.3 Fighting
 * Level 7.4 Axes
 + Level 5.8 Armour
 + Level 4.9 Dodging
 + Level 5.8 Shields
 + Level 6.1 Invocations


You had 9 spell levels left.
You didn't know any spells.
Your spell library contained the following spells:

 Spells                   Type           Power      Damage    Failure   Level
 Blink                    Tloc           N/A        N/A       100%        2
 Corpse Rot               Necr/Air       N/A        N/A       100%        2
 Static Discharge         Conj/Air       0%         N/A       100%        2
 Lesser Beckoning         Tloc           0%         N/A       100%        3
 Ozocubu's Armour         Ice            0%         N/A       100%        3
 Summon Guardian Golem    Hex/Summ       0%         N/A       100%        3
 Dispel Undead            Necr           0%         3d6       100%        4
 Sticky Flame             Conj/Fire      0%         2d3       100%        4
 Manifold Assault         Tloc           0%         N/A       100%        5
 Metabolic Englaciation   Hex/Ice        0%         N/A       100%        5
 Death Channel            Necr           0%         N/A       100%        6
 Simulacrum               Ice/Necr       0%         N/A       100%        6
 Orb of Destruction       Conj           0%         N/A       100%        7
 Spellforged Servitor     Conj/Summ      0%         N/A       100%        7


Dungeon Overview and Level Annotations

Branches:
Dungeon (8/15)             Temple (0/1) D:6           Sewer (visited)
   Lair: D:8-11

Altars:
Cheibriados
Gozag
Okawaru
Uskayaw

Shops:
D:5 *

Annotations:
D:6 3 runed translucent doors, Corwin's ghost, novice HuBe


Innate Abilities, Weirdness & Mutations

You have hoof-like feet.
You are partially covered in icy blue scales. (AC +2)
Spells you cast may paralyse nearby enemies.


Message History

The yak gores you but does no damage.
You hit the yak. You kick the yak.
The yak is moderately wounded.
You block the yak's attack. x2
You slash the yak!
The yak is heavily wounded.
The yak gores you but does no damage.
You slash the yak!
The yak is almost dead.
The yak barely misses you.
You barely miss the yak.
The yak is almost dead.
The yak gores you. The yak closely misses you.
You hit the yak.
You kill the yak!
Okawaru accepts your kill. The yak gores you.
You hit the yak but do no damage. You kick the yak, but do no damage.
The yak gores you but does no damage.
You slash the yak! You kick the yak.
The yak is moderately wounded.
The yak gores you but does no damage.
You completely miss the yak.
The yak is moderately wounded.
The yak gores you!
You hit the yak. You kick the yak, but do no damage.
The yak is moderately wounded.
The yak gores you but does no damage. The yak gores you.
You barely miss the yak. You kick the yak, but do no damage.
The yak is moderately wounded.
The yak gores you!
* * * LOW HITPOINT WARNING * * *
You hit the yak. You kick the yak.
The yak is heavily wounded.
The yak gores you!
* * * LOW HITPOINT WARNING * * *
You slash the yak!
The yak is almost dead.
The yak gores you!
You die...

.# #.......... #........#.
#......#.## ♣ ######..... .#
#####.#.## ≈.. #.....#.# ≈≈...
#.....#.#
####.≈≈.....##########.....#.#
#....≈≈.$...YY@............#.#
###.##########################.#
.........# #...........#.#
###.####[#########.#########.#.#
#.# #................... #.#.#
#.# ############.####### #.#.##
#.# .... #.#... #.# ######
#.#### . #.# #.####


You could see 2 yaks.

Vanquished Creatures
  Pikel (D:5)
  A manticore (D:6)
  3 yaks (D:8)
  Eustachio (D:4)
  A steam dragon (D:7)
  A water moccasin (D:7)
  Duvessa (D:5)
  An ice beast (D:7)
  An orc warrior (D:8)
  4 sky beasts
  A black bear (D:4)
  A necrophage (D:5)
  2 ogres
  2 centaurs (D:6)
  A lemure (D:5)
  A bullfrog (D:7)
  2 wyvern zombies
  Dowan (D:5)
  2 water moccasin zombies (D:6)
  3 centaur zombies (D:6)
  3 hounds
  2 bullfrog zombies
  3 orc priests
  A jelly (D:5)
  Crazy Yiuf (D:5)
  A bullfrog skeleton (D:4)
  2 centaur skeletons
  An iguana (D:4)
  Terence (D:2)
  2 orc wizards (D:3)
  A killer bee zombie (D:7)
  A howler monkey zombie (D:6)
  3 gnolls (D:4)
  A howler monkey skeleton (D:4)
  8 adders
  2 white imps (D:6)
  5 worms
  3 dart slugs
  31 orcs
  4 ball pythons
  13 endoplasms
  8 giant cockroaches
  11 goblins
  6 hobgoblins
  6 jackals
  7 kobolds
  6 quokkas
  16 bats
  3 frilled lizards
  7 rats
190 creatures vanquished.

Vanquished Creatures (collateral kills)
  2 quokkas (Sewer)
2 creatures vanquished.

Grand Total: 192 creatures vanquished

Notes
Turn   | Place    | Note
-------+----------+-------------------------------------------
     0 | D:1      | Sin92 the Demonspawn Fighter began the quest for the Orb.
     0 | D:1      | Reached XP level 1. HP: 18/18 MP: 1/1
    33 | D:1      | Reached skill level 2 in Axes
    70 | D:1      | Gained mutation: You are partially covered in icy blue
                  | scales. (AC +2) [demonic ancestry]
    70 | D:1      | Reached XP level 2. HP: 22/24 MP: 2/2
   835 | D:1      | Gained mutation: Spells you cast may paralyse adjacent
                  | enemies. [demonic ancestry]
   835 | D:1      | Reached XP level 3. HP: 28/29 MP: 3/3
  1201 | D:2      | Noticed Terence
  1211 | D:2      | Killed Terence
  1212 | D:2      | Reached skill level 1 in Dodging
  1212 | D:2      | Gained mutation: You have large cloven feet. [demonic
                  | ancestry]
  1212 | D:2      | Reached XP level 4. HP: 22/35 MP: 4/4
  2223 | D:3      | Reached skill level 3 in Axes
  2225 | D:3      | Gained mutation: You have hoof-like feet. [demonic
                  | ancestry]
  2225 | D:3      | Reached XP level 5. HP: 22/41 MP: 5/5
  2463 | D:3      | Found a glowing drain.
  2486 | Sewer    | Entered a sewer
  3326 | D:3      | Reached XP level 6. HP: 14/48 MP: 6/6
  3896 | D:3      | Identified a scroll of acquirement
  3896 | D:3      | Acquired the ring of Attitude {Wiz rF+ rCorr Slay+3 SInv}
  4021 | D:4      | Reached skill level 4 in Axes
  4262 | D:4      | Found an iron altar of Okawaru.
  4310 | D:4      | Became a worshipper of Warmaster Okawaru
  4481 | D:4      | Noticed Eustachio
  4492 | D:4      | Killed Eustachio
  4493 | D:4      | Reached skill level 1 in Invocations
  4493 | D:4      | Reached XP level 7. HP: 44/54 MP: 7/7
  4749 | D:4      | Found a hide-covered altar of Uskayaw.
  5197 | D:5      | Entered Level 5 of the Dungeon
  5203 | D:5      | Noticed Pikel
  5215 | D:5      | Killed Pikel
  5215 | D:5      | Reached * piety under Okawaru
  5216 | D:5      | Reached skill level 5 in Axes
  5216 | D:5      | Gained mutation: Spells you cast may paralyse nearby
                  | enemies. [demonic ancestry]
  5216 | D:5      | Reached XP level 8. HP: 59/61 MP: 7/10
  5260 | D:5      | Reached ** piety under Okawaru
  5510 | D:5      | Noticed Duvessa
  5510 | D:5      | Noticed Dowan
  5518 | D:5      | Killed Duvessa
  5519 | D:5      | Reached skill level 5 in Fighting
  5525 | D:5      | Killed Dowan
  5789 | D:5      | Found Juacvusy's Overcharged Wands.
  6360 | D:5      | Found a runed translucent door.
  6361 | D:5      | Noticed Crazy Yiuf
  6511 | D:5      | Killed Crazy Yiuf
  6665 | D:6      | Found a staircase to the Ecumenical Temple.
  6671 | D:6      | Reached skill level 6 in Axes
  7114 | D:6      | Reached skill level 5 in Shields
  7137 | D:6      | Reached *** piety under Okawaru
  7138 | D:6      | Reached XP level 9. HP: 68/68 MP: 12/12
  7173 | D:6      | Noticed a manticore
  7182 | D:6      | Killed a manticore
  7183 | D:6      | Reached skill level 5 in Armour
  7416 | D:6      | Found a runed translucent gate.
  7417 | D:6      | Found a runed translucent gate.
  7418 | D:6      | Found a runed translucent gate.
  7418 | D:6      | Found a snail-covered altar of Cheibriados.
  7420 | D:6      | Found an opulent altar of Gozag.
  7421 | D:6      | Noticed a cyan ugly thing
  7432 | D:6      | Noticed Corwin's ghost (novice HuBe)
  7764 | D:6      | Reached skill level 5 in Invocations
  8369 | D:6      | Acquired 854 gold pieces
  8483 | D:7      | Reached **** piety under Okawaru
  8566 | D:7      | Reached skill level 7 in Axes
  9090 | D:7      | Identified the +5 hand axe "Geizuzel" {vorpal, *Noise rC+
                  | SInv}
  9543 | D:8      | Reached ***** piety under Okawaru
  9544 | D:8      | Reached XP level 10. HP: 48/76 MP: 14/14
  9556 | D:8      | Slain by a yak

Illustrated notes

Levels and vault maps discovered:
D:1:      dpeg_arrival_rooms_c, layout_loops_ring, palyth_stone_intersect
D:2:      minmay_general_purpose_star, layout_rooms, bh_walls_and_bars,
          uniq_terence
D:3:      layout_loops_ring, cheibrodos_sewer_entry_sluice
D:4:      layout_layer_cave, mainiacjoe_overflow_catch_the_wave,
          minmay_quantized, uniq_eustachio
D:5:      layout_basic, grunt_ministairs_4, nicolae_shop_overcharged_wands,
          uniq_pikel, uniq_crazy_yiuf_cottage, uniq_duvessa
D:6:      layout_layer_cave, cheibriados_altar_1, minmay_temple_entry_grid,
          ebering_ghost_gozag, minmay_pentangle
D:7:      layout_cave_pools
D:8:      layout_basic, st_stairs_2, nicolae_wooded_promenade

Skill      XL: |  1  2  3  4  5  6  7  8  9 |
---------------+----------------------------+-----
Axes           | 2 3 4 5 6 7 |  7.4
Shields        | 3 4 5 |  5.8
Armour         | 3 4 5 |  5.8
Dodging        | 1 2 3 4 |  4.9
Fighting       | 4 5 6 |  6.3
Invocations    | 1 2 4 6 |  6.1

Action                   |  1- 3 |  4- 6 |  7- 9 | 10-12 || total
-------------------------+-------+-------+-------+-------++-------
Melee: War axe           |    96 |   214 |   198 |    13 ||   521
       Kick              |       |    47 |    79 |     7 ||   133
  Use: Scroll            |       |    13 |     7 |       ||    20
       Potion            |       |     3 |     1 |       ||     4
Armor: Scale mail        |    47 |       |       |       ||    47
       Chain mail        |       |   198 |   114 |     5 ||   317
Dodge: Dodged            |    35 |    59 |    63 |     2 ||   159
Block: Kite shield       |    44 |   131 |   100 |     2 ||   277

Table legend: (Time is in decaauts)
 A = Elapsed time spent in this place.
 B = Non-inter-level travel time spent in this place.
 C = Inter-level travel time spent in this place.
 D = Time resting spent in this place.
 E = Time spent auto-exploring this place.
 F = Levels seen in this place.
 G = Mean time per level.
                   A        B        C        D        E       F      G
               +--------+--------+--------+--------+--------+-----+--------+
         Total |   9998 |   9762 |    236 |   1173 |   6793 |   9 | 1110.9 |
       Dungeon |   9072 |   8836 |    236 |   1173 |   6302 |   8 | 1134.0 |
         Sewer |    925 |    925 |      0 |      0 |    491 |   1 |  925.0 |
               +--------+--------+--------+--------+--------+-----+--------+

Top non-repeatable levels by time:
     D:6: 1939 daAuts
     D:5: 1390 daAuts
     D:4: 1294 daAuts
     D:2: 1254 daAuts
     D:3: 1054 daAuts
     D:1: 1023 daAuts
   Sewer: 925 daAuts
     D:7: 644 daAuts
     D:8: 472 daAuts
